 Dungeon Crawl Stone Soup version 0.21-a0-104-g7b58145 (webtiles) character file.

74 KristoblXynda the Sneak (level 4, -6/21 HPs)
             Began as a Spriggan Enchanter on July 5, 2017.
             Mangled by a gnoll
             ... wielding a +0 halberd
              (16 damage)
             ... on level 3 of the Dungeon.
             The game lasted 00:04:27 (2290 turns).

KristoblXynda the Sneak (Spriggan Enchanter)        Turns: 2290, Time: 00:04:28

Health: -6/21      AC:  2    Str:  5    XL:     4   Next: 10%
Magic:  0/10       EV: 19    Int: 16    God:
Gold:   77         SH:  0    Dex: 16    Spells: 4/10 levels left

rFire    . . .     SeeInvis +   f - +0 short sword (speed)
rCold    . . .     Gourm    .   (shield restricted)
rNeg     . . .     Faith    .   b - +0 robe
rPois    .         Spirit   .   (helmet restricted)
rElec    .         Reflect  .   (no cloak)
rCorr    .         Harm     .   (gloves unavailable)
MR       .....                  (boots unavailable)
Stlth    +++.......             (no amulet)
HPRegen  0.07/turn              (no ring)
MPRegen  0.12/turn              (no ring)

@: very slightly contaminated, very quick
A: unfitting armour, see invisible, herbivore 3, speed 3, slow metabolism 2
a: no special abilities


You were on level 3 of the Dungeon.
You were not hungry.

You visited 1 branch of the dungeon, and saw 3 of its levels.

You collected 77 gold pieces.

Inventory:

Hand Weapons
 a - a +1 dagger
 f - a +0 short sword of speed (weapon)
Armour
 b - a +0 robe (worn)
Scrolls
 g - a scroll of enchant weapon {unknown}
 j - a scroll of identify {unknown}
 l - 2 scrolls of magic mapping {unknown}
Potions
 e - a potion of mutation {unknown}
 h - 2 potions of heal wounds {unknown}
 k - a potion of curing {unknown}
 m - a potion of brilliance {unknown}
Books
 c - a book of Maledictions

   Spells                             Type                      Level
   a - Corona                         Hexes                        1
   b - Ensorcelled Hibernation        Hexes/Ice                    2
   c - Confuse                        Hexes                        3
   d - Tukima's Dance                 Hexes                        3
   e - Dazzling Spray                 Conjuration/Hexes            3
Comestibles
 d - 2 bread rations
 i - a royal jelly


   Skills:
 - Level 1.1 Short Blades
 + Level 4.3 Dodging
 + Level 4.9 Stealth
 + Level 3.7 Spellcasting
 + Level 4.3 Hexes


You had 4 spell levels left.
You knew the following spells:

 Your Spells              Type           Power        Failure   Level  Hunger
a - Corona                Hex            ###....      2%          1    None
b - Ensorcelled Hibernat  Hex/Ice        ##....       11%         2    ##.....
c - Confuse               Hex            ###.....     9%          3    ###....


Dungeon Overview and Level Annotations

Branches:
Dungeon (3/15)

Altars:
Okawaru

Annotations:
D:3 Grinder


Innate Abilities, Weirdness & Mutations

You are very small and have problems with some larger weapons.
You are too small for most types of armour.
You have supernaturally acute eyesight. (SInv)
You are a herbivore.
You cover ground extremely quickly.
You need consume almost no food.


Message History

You miscast Ensorcelled Hibernation.
You are very lightly contaminated with residual magic.
You feel a bit tired. The gnoll barely misses you.
Casting: Ensorcelled Hibernation
Confirm with . or Enter, or press ? or * to list all spells.
Aiming: Confuse
Press: ? - help, Shift-Dir - straight line, f/p - gnoll
Aim: a gnoll, wielding a halberd (chance to defeat MR: 56%)
The gnoll resists with significant effort.
The gnoll hits you with a halberd!
Ouch! That really hurt!
Casting: Confuse
Confirm with . or Enter, or press ? or * to list all spells.
Aiming: Confuse
Press: ? - help, Shift-Dir - straight line, f/p - gnoll
Aim: a gnoll, wielding a halberd (chance to defeat MR: 56%)
The gnoll resists with significant effort.
The gnoll hits you with a halberd!
Ouch! That really hurt!
You die...

#.### ....# ###
#.#.# #.. #l#.# #.#
#.#.# #.# #.#.# #.#
#.#g# #.#
#†#@######
##.######..........
#...........######.
#..#######.$#
#...........#
#..###.####.#
##.####.# #.#
##...#.♣.# ♣..
#..††..♣♣♣ ♣..


You could see a gnoll.

Vanquished Creatures
  A gnoll (D:3)
  2 adders (D:2)
  An ooze (D:2)
  A worm (D:2)
  6 goblins
  7 hobgoblins
  5 jackals
  2 bats
  5 frilled lizards
  5 kobolds
  3 rats
38 creatures vanquished.

Notes
Turn   | Place    | Note
-------+----------+-------------------------------------------
     0 | D:1      | KristoblXynda the Spriggan Enchanter began the quest for the Orb.
     0 | D:1      | Reached XP level 1. HP: 9/9 MP: 5/5
    98 | D:1      | Found an iron altar of Okawaru.
   511 | D:1      | Reached XP level 2. HP: 12/13 MP: 7/7
  1455 | D:2      | Reached XP level 3. HP: 16/16 MP: 8/8
  1459 | D:2      | Learned a level 2 spell: Ensorcelled Hibernation
  1608 | D:2      | Learned a level 3 spell: Confuse
  1974 | D:3      | Reached XP level 4. HP: 19/21 MP: 10/10
  2162 | D:3      | Noticed Grinder
  2290 | D:3      | Mangled by a gnoll

Vault maps used:
D:1:      lightli_arrival_flooded_house, minmay_hexomino_r4
D:3:      chequers_ecumenical_altar_grove, uniq_sigmund, uniq_grinder

Skill      XL: |  1  2  3 |
---------------+----------+-----
Spellcasting   | 3 |  3.7
Hexes          | 4 |  4.3
Dodging        | 4 |  4.3
Short Blades   | |  1.1
Stealth        | |  4.9

Action                   |  1- 3 |  4- 6 || total
-------------------------+-------+-------++-------
Melee: Dagger            |    29 |       ||    29
       Short sword       |   100 |    26 ||   126
 Cast: Confuse           |       |     2 ||     2
       Ensorcelled Hiber |       |     1 ||     1
 Stab: Sleeping          |    10 |       ||    10
Armor: Robe              |     6 |     3 ||     9
Dodge: Dodged            |    62 |    32 ||    94
